 Dungeon Crawl Stone Soup version 0.26-a0-712-ga5a9c9c9d0 (webtiles) character file.

Game seed: 5920388836505277512

1291 raph the Destroyer (level 8, 0/41 HPs)
             Began as a Tengu Fire Elementalist on Nov 4, 2020.
             Killed by divine providence
             ... invoked by an orc priest
              (9 damage)
             ... on level 5 of the Dungeon.
             The game lasted 00:14:40 (8664 turns).

raph the Destroyer (Tengu Fire Elementalist)        Turns: 8664, Time: 00:14:41

Health: 0/41       AC:  3    Str: 10    XL:     8   Next: 55%
Magic:  10/21      EV: 13    Int: 17    God:
Gold:   315        SH:  0    Dex: 14    Spells: 3/11 levels left

rFire    . . .     SeeInvis .   p - +8 spear of Blue Offence {vorpal, MP+9}
rCold    . . .     Faith    .   (no shield)
rNeg     . . .     Spirit   .   c - +1 robe
rPois    .         Reflect  .   (helmet restricted)
rElec    .         Harm     .   (no cloak)
rCorr    .         Rampage  .   (no gloves)
MR       .....                  (boots unavailable)
Stlth    ++........             (no amulet)
HPRegen  0.13/turn              (no ring)
MPRegen  0.17/turn              (no ring)

@: no status effects
A: beak, talons 3, able to fly
a: Fly


You were on level 5 of the Dungeon.
You visited 1 branch of the dungeon, and saw 5 of its levels.

You collected 315 gold pieces.

Inventory:

Hand Weapons
 a - a +1 dagger
 m - a +0 morningstar
 p - the +8 spear of Blue Offence (weapon) {vorpal, MP+9}
   (You found it on level 4 of the Dungeon)

   It inflicts extra damage upon your enemies.
   It affects your magic capacity (+9).
Missiles
 d - 103 stones (quivered)
Armour
 c - a +1 robe (worn)
Jewellery
 e - an uncursed ring of teleportation
 h - an uncursed amulet of reflection
Wands
 g - a wand of random effects (4)
Scrolls
 i - 5 scrolls of remove curse
 o - 3 scrolls of teleportation
Potions
 b - 3 potions of might
 f - 2 potions of haste
 j - 3 potions of curing
 k - 2 potions of ambrosia
 l - 2 potions of flight {unknown}
 n - a potion of invisibility {unknown}
 r - 3 potions of lignification {unknown}
 s - 2 potions of stabbing {unknown}


   Skills:
 - Level 2.7 Dodging
 - Level 2.7 Stealth
 + Level 2.4 Spellcasting
 * Level 9.1 Conjurations
 * Level 8.1 Fire Magic


You had 3 spell levels left.
You knew the following spells:

 Your Spells              Type           Power        Failure   Level
a - Foxfire               Conj/Fire      ####         1%          1
b - Conjure Flame         Conj/Fire      ####....     1%          3
c - Sticky Flame          Conj/Fire      ####....     5%          4

Your spell library contained the following spells:

 Spells                   Type           Power        Failure   Level
 Shock                    Conj/Air       ###.         3%          1
 Static Discharge         Conj/Air       ###.....     9%          3
 Inner Flame              Hex/Fire       ###.....     11%         3
 Swiftness                Air            #.......     28%         2
 Fireball                 Conj/Fire      ####......   16%         5
 Lightning Bolt           Conj/Air       ###.......   63%         5
 Airstrike                Air            #.........   88%         4


Dungeon Overview and Level Annotations

Branches:
Dungeon (5/15)
 Temple: D:4-7

Altars:


Innate Abilities, Weirdness & Mutations

You have a beak for a mouth.
You have claws for feet.
You can fly continuously.


Message History

The orc throws a boomerang.
The boomerang hits you but does no damage.
The weapon returns to the orc!
The orc throws a boomerang.
The boomerang closely misses you.
The weapon returns to the orc!
The orc priest mumbles some strange prayers to Beogh against you.
Beogh smites you!
* * * LOW HITPOINT WARNING * * *
The orc throws a boomerang.
The boomerang hits you.
* * * LOW HITPOINT WARNING * * *
The weapon returns to the orc!
Your magical contamination has completely faded away.
The orc throws a boomerang.
The boomerang barely misses you.
The weapon returns to the orc!
Casting: Foxfire (safe; 1% risk of failure)
Confirm with . or Enter, or press ? or * to list all spells.
The fire begins to smolder!
The orc priest invokes the aid of Beogh against you.
Beogh smites you!
You die...

#o.## #...#
##
##.o###.#
#.o....#
#.....##
##..###
#...#
#ยง### #@#
#.# #.# .
#.# #.# #
##.# #..##
#
#..##....#
#
#..##....##
#
#.##......#
##
#.##......#


You could see an orc priest and an orc.

Vanquished Creatures
  Prince Ribbit (D:5)
  A sky beast (D:5)
  2 ogres
  A bullfrog (D:3)
  A scorpion (D:4)
  A howler monkey (D:5)
  An orc priest (D:3)
  A bullfrog zombie (D:4)
  A hound (D:5)
  7 orc wizards
  6 worker ants
  A hound skeleton (D:4)
  3 gnolls (D:3)
  A howler monkey skeleton (D:4)
  7 adders
  A white imp (D:5)
  2 oozes
  A worm (D:2)
  A dart slug (D:3)
  5 leopard geckos
  20 orcs
  4 giant cockroaches
  9 goblins
  4 hobgoblins
  2 jackals (D:1)
  3 quokkas
  A ball python (D:3)
  8 bats
  10 frilled lizards
  A jackal skeleton (D:4)
  13 kobolds
  A leopard gecko skeleton (D:4)
  9 rats
130 creatures vanquished.

Vanquished Creatures (collateral kills)
  2 foxfires (D:4)
2 creatures vanquished.

Vanquished Creatures (others)
  486 foxfires
486 creatures vanquished.

Grand Total: 618 creatures vanquished

Notes
Turn   | Place    | Note
-------+----------+-------------------------------------------
     0 | D:1      | raph the Tengu Fire Elementalist began the quest for the
                  | Orb.
     0 | D:1      | Reached XP level 1. HP: 10/10 MP: 4/4
   308 | D:1      | Reached XP level 2. HP: 15/15 MP: 4/6
   483 | D:1      | Reached skill level 2 in Conjurations
  1062 | D:1      | Reached XP level 3. HP: 19/19 MP: 5/7
  1633 | D:1      | Learned a level 3 spell: Conjure Flame
  1970 | D:2      | Reached skill level 3 in Conjurations
  1984 | D:2      | Reached XP level 4. HP: 24/24 MP: 1/8
  2867 | D:1      | HP: 1/24 [orc (3)]
  3443 | D:2      | Gained mutation: You can fly continuously. [Tengu growth]
  3443 | D:2      | Reached XP level 5. HP: 12/28 MP: 1/9
  3674 | D:3      | Learned a level 4 spell: Sticky Flame
  3842 | D:3      | Reached skill level 4 in Conjurations
  4188 | D:3      | Noticed an ogre
  4202 | D:3      | Reached skill level 5 in Conjurations
  4202 | D:3      | Reached skill level 5 in Fire Magic
  4202 | D:3      | Reached XP level 6. HP: 21/32 MP: 0/10
  5168 | D:3      | Reached skill level 6 in Conjurations
  5168 | D:3      | Reached XP level 7. HP: 36/36 MP: 4/11
  5478 | D:3      | Found a faded altar of an unknown god.
  6355 | D:4      | Got an ancient spear
  6356 | D:4      | Identified the +8 spear of Blue Offence {vorpal, MP+9} (You
                  | found it on level 4 of the Dungeon)
  6977 | D:4      | Reached skill level 7 in Conjurations
  8221 | D:5      | Entered Level 5 of the Dungeon
  8227 | D:5      | Reached XP level 8. HP: 41/41 MP: 12/12
  8228 | D:5      | Reached skill level 8 in Conjurations
  8230 | D:5      | Noticed Prince Ribbit
  8416 | D:5      | Killed Prince Ribbit
  8417 | D:5      | Reached skill level 9 in Conjurations
  8664 | D:5      | Killed from afar by an orc priest

Illustrated notes

Levels and vault maps discovered:
D:1:      lightli_arrival_lavapool, layout_basic
D:2:      layout_basic
D:3:      layout_rooms, chequers_ecumenical_altar_island
D:4:      layout_loops_ring, serial_bayou_pond_b, minmay_misc_feat_room
D:5:      layout_cave_pods, grunt_decor_cap, uniq_prince_ribbit1

Skill      XL: |  1  2  3  4  5  6  7  8 |
---------------+-------------------------+-----
Conjurations   | 2 3 5 6 7 9 |  9.1
Fire Magic     | 4 5 7 8 |  8.1
Dodging        | |  2.7
Stealth        | |  2.7
Spellcasting   | |  2.4

Action                   |  1- 3 |  4- 6 |  7- 9 || total
-------------------------+-------+-------+-------++-------
Melee: Dagger            |    21 |    19 |     1 ||    41
       Kick              |     4 |     5 |     3 ||    12
       Peck              |     1 |     4 |     3 ||     8
       Spear             |       |       |     9 ||     9
       Morningstar       |       |       |     7 ||     7
 Cast: Foxfire           |    62 |   122 |   136 ||   320
       Conjure Flame     |       |     1 |     8 ||     9
       Sticky Flame      |       |       |     4 ||     4
  Use: Scroll            |       |     7 |     4 ||    11
       Potion            |       |     1 |       ||     1
 Stab: Sleeping          |     3 |     2 |     2 ||     7
Armor: Robe              |     2 |     4 |     5 ||    11
Dodge: Dodged            |    10 |    31 |    17 ||    58

Table legend: (Time is in decaauts)
 A = Elapsed time spent in this place.
 B = Non-inter-level travel time spent in this place.
 C = Inter-level travel time spent in this place.
 D = Time resting spent in this place.
 E = Time spent auto-exploring this place.
 F = Levels seen in this place.
 G = Mean time per level.
                   A        B        C        D        E       F      G
               +--------+--------+--------+--------+--------+-----+--------+
         Total |   8682 |   8436 |    246 |   5249 |   2003 |   5 | 1736.4 |
       Dungeon |   8682 |   8436 |    246 |   5249 |   2003 |   5 | 1736.4 |
               +--------+--------+--------+--------+--------+-----+--------+

Top non-repeatable levels by time:
     D:4: 2760 daAuts
     D:1: 2284 daAuts
     D:3: 1756 daAuts
     D:2: 1725 daAuts
     D:5: 156 daAuts
